Mulligans vs Harfangs
Created - January 14, 2021 at 19:28
Goals
|
| Mulligans |
4 |
0 |
2 |
0 |
0 |
6 |
| Harfangs |
0 |
4 |
2 |
0 |
1 |
7 |
|
Shots
|
| Mulligans |
17 |
10 |
10 |
2 |
3 |
39 |
| Harfangs |
8 |
16 |
11 |
0 |
3 |
35 |
|
1st period
1. Mulligans , Anton Lander 16 (Dalton Thrower 6) at 2:44
2. Mulligans , Sven Baertschi 14 (Anton Lander 32) at 5:25
3. Mulligans , Anton Lander 17 (Logan Shaw 23) at 8:59
4. Mulligans , Conor Garland 1 (Brett Seney 5, Darren Dietz 7) at 14:15
Penalties :
Calle Jarnkrok (BEA) for Hooking (Minor) at 16:31
2nd period
5. Harfangs , Tomas Kubalik 20 (Brandon McMillan 6) at 10:54
6. Harfangs , Michael Bournival 23 (Calle Jarnkrok 10, Tyler Randell 26) at 12:05
7. Harfangs , Calle Jarnkrok 9 (Tyler Randell 27, Michael Bournival 36) at 12:21
8. Harfangs , Calle Jarnkrok 10 (Tyler Randell 28) at 15:31
Penalties :
Tyler Brenner (BEA) for Hooking (Minor) at 0:42, Brendan Leipsic (BEA) for Roughing (Minor) at 7:12, Logan Shaw (Rep) for Roughing (Minor) at 12:29, Logan Shaw (Rep) for Holding (Minor) at 15:34
3rd period
9. Harfangs , Ryan Hartman 11 (Nick Shore 8, Brenden Kichton 1) at 4:29
10. Harfangs , Tomas Kubalik 21 (Tyler Brenner 31, Reid McNeill 15) at 5:22
11. Mulligans , Sven Baertschi 15 (Anton Lander 33) at 5:30
12. Mulligans , Joonas Donskoi 13 (Robby Fabbri 9) at 12:43
Penalties :
Sam Bennett (Rep) for High sticking (Minor) at 7:49, Sven Baertschi (Rep) for Tripping (Minor) at 12:56, Ryan Hartman (BEA) for Tripping (Minor) at 16:32
Overtime #1
No Goal
Penalties :
No Penalty
Shootout
Mulligans, Anton Lander - Stopped by Anton Forsberg
Harfangs, Tyler Randell - Stopped by Juuse Saros
Mulligans, Logan Shaw - Shot Misses the Net
Harfangs, Michael Bournival - Stopped by Juuse Saros
Mulligans, Maxime Macenauer - Shot Misses the Net
Harfangs, Calle Jarnkrok - Goal!
Penalties :
No Penalty
Goalie Stats
Calvin Pickard (Rep), 22 saves from 28 shots - (0.786), 45:22 minutes
Juuse Saros (Rep), 7 saves from 7 shots - (1.000), OTL, 0-5-2, 19:38 minutes
Anton Forsberg (BEA), 20 saves from 22 shots - (0.909), W, 4-1-0, 50:45 minutes
Ilya Sorokin (BEA), 13 saves from 17 shots - (0.765), 14:15 minutes
Players Stats for Mulligans
Player Name G A P +/- PIM S H SB GA TA FO MP PP MP PK MP
------------------------------------------------------------------------------------
Anton Lander 2 2 4 0 0 6 1 1 0 1 16/36 24:33 3:35 4:55
Ben Hutton 0 0 0 -1 0 1 0 3 1 1 0/0 27:49 4:19 5:13
Brandon Carlo 0 0 0 -1 0 1 2 0 1 0 0/0 26:28 4:19 5:13
Brett Seney 0 1 1 0 0 2 2 0 2 0 0/0 10:33 0:00 0:00
Christian Wolanin 0 0 0 0 0 0 1 1 0 0 0/0 11:27 3:37 2:43
Conor Garland 1 0 1 0 0 3 2 1 0 0 0/0 10:26 0:00 0:00
Dalton Thrower 0 1 1 1 0 2 0 2 0 1 0/0 13:42 0:00 0:00
Darren Dietz 0 1 1 1 0 2 2 2 0 0 0/0 21:23 2:49 2:43
Ilya Lyubushkin 0 0 0 0 0 2 1 1 0 0 0/0 16:18 0:48 0:00
Jonny Brodzinski 0 0 0 0 0 0 2 0 0 0 3/5 9:57 0:00 0:00
Joonas Donskoi 1 0 1 0 0 4 2 0 0 0 0/0 12:16 4:01 0:00
Logan Shaw 0 1 1 0 4 2 1 0 3 0 1/1 21:35 3:26 2:12
Maxime Macenauer 0 0 0 0 0 2 1 1 0 0 6/11 17:53 4:01 2:38
Reid Boucher 0 0 0 0 0 0 1 0 0 0 1/3 14:21 0:00 3:26
Robbie Russo 0 0 0 0 0 2 0 0 0 0 0/0 12:53 0:00 0:00
Robby Fabbri 0 1 1 0 0 2 2 0 0 0 1/4 11:34 0:49 0:00
Sam Bennett 0 0 0 0 2 1 0 0 1 0 0/0 13:53 4:01 0:00
Sven Baertschi 2 0 2 0 2 5 3 0 0 0 2/2 21:58 3:25 2:41
Valeri Nichushkin 0 0 0 0 0 2 0 0 1 0 0/0 13:01 0:30 0:00
Players Stats for Harfangs
Player Name G A P +/- PIM S H SB GA TA FO MP PP MP PK MP
------------------------------------------------------------------------------------
Blake Heinrich 0 0 0 -1 0 1 0 0 0 0 0/0 5:27 0:00 0:00
Brandon McMillan 0 1 1 0 0 2 0 0 0 0 0/0 16:32 3:56 0:00
Brendan Leipsic 0 0 0 -1 2 0 0 0 0 0 0/0 6:48 0:00 0:00
Brenden Kichton 0 1 1 0 0 0 0 0 0 1 0/0 11:05 0:00 0:00
Calle Jarnkrok 2 1 3 1 2 8 2 0 1 0 16/31 21:47 4:00 1:57
Cristoval Nieves 0 0 0 -1 0 1 0 0 0 0 2/3 7:13 0:00 0:38
David Kampf 0 0 0 0 0 0 0 0 0 0 0/0 2:10 0:00 0:00
Devon Teows 0 0 0 0 0 0 0 0 0 0 0/0 0:48 0:00 0:00
Ivan Provorov 0 0 0 0 0 0 0 1 0 0 0/0 11:27 0:00 0:00
Jake Dotchin 0 0 0 2 0 2 1 2 0 1 0/0 21:33 3:38 3:18
Laurent Dauphin 0 0 0 0 0 0 0 0 0 0 0/0 0:00 0:00 0:00
Lucas Wallmarkk 0 0 0 0 0 0 0 0 0 0 0/0 2:07 0:00 0:00
Mark Alt 0 0 0 2 0 0 2 0 0 2 0/0 21:07 3:38 3:18
Michael Bournival 1 1 2 1 0 2 1 0 0 1 0/2 23:44 4:00 3:57
Morgan Klimchuk 0 0 0 0 0 2 1 0 0 0 0/0 12:15 0:00 1:31
Nick Shore 0 1 1 0 0 1 0 0 0 0 1/1 9:33 0:00 0:00
Nick Sorensen 0 0 0 0 0 0 0 0 0 0 0/0 3:40 0:00 2:08
Reid McNeill 0 1 1 -1 0 0 3 2 0 1 0/0 26:33 4:18 4:38
Rinat Valiev 0 0 0 -1 0 1 1 0 0 0 0/0 5:27 0:00 0:00
Ryan Hartman 1 0 1 0 2 1 0 0 0 0 0/0 9:34 0:00 0:00
Sven Andrighetto 0 0 0 -1 0 2 0 1 1 0 0/0 6:46 0:00 0:00
Tomas Kubalik 2 0 2 0 0 5 1 0 0 1 1/3 16:21 3:56 0:00
Tyler Brenner 0 1 1 0 2 1 3 1 0 1 8/16 19:30 3:56 1:49
Tyler Randell 0 3 3 1 0 3 1 0 1 0 4/6 24:00 4:00 3:52
Victor Bartley 0 0 0 -1 0 3 2 1 0 1 0/0 26:33 4:18 4:38
3 Stars
1 - Anton Lander (Rep)
2 - Calle Jarnkrok (BEA)
3 - Tomas Kubalik (BEA)
Power Play
Mulligans - 0 on 4 Attempt(s) - 0.00%
Harfangs - 0 on 4 Attempt(s) - 0.00%
Penalty Kill
Mulligans - 4 on 4 Attempt(s) - 100.00%
- Score 0 goal in Penalty Kill
Harfangs - 4 on 4 Attempt(s) - 100.00%
- Score 0 goal in Penalty Kill
Team Stat
Mulligans - Hits : 23 - Faceoff Wins : 30 - Blocked Shots : 12 - Penalty Minutes : 8
Harfangs - Hits : 18 - Faceoff Wins : 32 - Blocked Shots : 8 - Penalty Minutes : 8
Official
Referees : Unknown
Linesman : Unknown
Game Notes
Anton Forsberg enters game at 14:15 of 1st period
Juuse Saros enters game at 5:22 of 3rd period
Finance
Level 1 -- Attendance: 2000 (100.00%) -- Ticket Income $68,000
Level 2 -- Attendance: 693 (69.30%) -- Ticket Income $13,167
Total Attendance: 2693 (89.77%)
Total Ticket Income: $81,167
Other Income: $4,058
Total Income: $85,225
Mulligans
5 vs 5 Forward
Center Left Wing Right Wing Time % Phy DF OF
1 Anton Lander Sven Baertschi Logan Shaw 40 0 2 3
2 Maxime Macenauer Sam Bennett Valeri Nichushkin 30 0 2 3
3 Robby Fabbri Reid Boucher Joonas Donskoi 20 0 2 3
4 Jonny Brodzinski Brett Seney Conor Garland 10 1 2 2
5 vs 5 Defense
Defense Defense Time % Phy DF OF
1 Ben Hutton Brandon Carlo 40 1 3 1
2 Darren Dietz Dalton Thrower 30 1 3 1
3 Ilya Lyubushkin Robbie Russo 20 1 3 1
4 Christian Wolanin Ben Hutton 10 1 2 2
PowerPlay Forward
Center Left Wing Right Wing Time % Phy DF OF
1 Anton Lander Sven Baertschi Logan Shaw 60 0 1 4
2 Maxime Macenauer Sam Bennett Joonas Donskoi 40 0 1 4
PowerPlay Defense
Defense Defense Time % Phy DF OF
1 Ben Hutton Brandon Carlo 60 0 2 3
2 Darren Dietz Christian Wolanin 40 0 2 3
Penalty Kill 4 Players Forward
Center Wing Time % Phy DF OF
1 Anton Lander Logan Shaw 60 1 2 2
2 Maxime Macenauer Sven Baertschi 40 1 2 2
Penalty Kill 4 Players Defense
Defense Defense Time % Phy DF OF
1 Ben Hutton Brandon Carlo 60 1 2 2
2 Darren Dietz Christian Wolanin 40 1 2 2
Penalty Kill - 3 Players Forward
Forward Time % Phy DF OF
1 Anton Lander 60 1 2 2
2 Logan Shaw 40 1 2 2
Penalty Kill - 3 Players Defense
Defense Defense Time % Phy DF OF
1 Ben Hutton Brandon Carlo 60 1 2 2
2 Darren Dietz Christian Wolanin 40 1 2 2
4 vs 4 Forward
Center Wing Time % Phy DF OF
1 Anton Lander Logan Shaw 60 1 2 2
2 Maxime Macenauer Sven Baertschi 40 1 2 2
4 vs 4 Defense
Defense Defense Time % Phy DF OF
1 Ben Hutton Brandon Carlo 60 1 2 2
2 Darren Dietz Ilya Lyubushkin 40 1 2 2
Last Minutes Offensive
Center Left Wing Right Wing Defense Defense
Anton Lander Sven Baertschi Logan Shaw Ben Hutton Brandon Carlo
Last Minutes Defensive
Center Left Wing Right Wing Defense Defense
Anton Lander Sven Baertschi Logan Shaw Ben Hutton Brandon Carlo
Goaltenders
Starting : Calvin Pickard
Backup : Juuse Saros
Extra Forwards
Normal : Robby Fabbri, Valeri Nichushkin, Reid Boucher - PP : Robby Fabbri, Valeri Nichushkin - PK : Reid Boucher
Extra Defensemen
Normal : Ilya Lyubushkin, Brandon Carlo, Christian Wolanin - PP : Ilya Lyubushkin - PK : Ben Hutton, Christian Wolanin
Penalty Shots
Anton Lander, Logan Shaw, Maxime Macenauer, Sven Baertschi, Joonas Donskoi
Scratches
Cristiano Digiacinto (Healthy)
Harfangs
5 vs 5 Forward
Center Left Wing Right Wing Time % Phy DF OF
1 Calle Jarnkrok Michael Bournival Tyler Randell 40 1 2 2
2 Tyler Brenner Brandon McMillan Tomas Kubalik 30 1 2 2
3 Nick Shore Morgan Klimchuk Ryan Hartman 20 1 2 2
4 Cristoval Nieves Brendan Leipsic Sven Andrighetto 10 1 2 2
5 vs 5 Defense
Defense Defense Time % Phy DF OF
1 Victor Bartley Reid McNeill 40 1 2 2
2 Jake Dotchin Mark Alt 30 1 2 2
3 Ivan Provorov Brenden Kichton 20 1 2 2
4 Blake Heinrich Rinat Valiev 10 1 2 2
PowerPlay Forward
Center Left Wing Right Wing Time % Phy DF OF
1 Calle Jarnkrok Michael Bournival Tyler Randell 60 1 2 2
2 Tyler Brenner Brandon McMillan Tomas Kubalik 40 1 2 2
PowerPlay Defense
Defense Defense Time % Phy DF OF
1 Victor Bartley Reid McNeill 60 1 2 2
2 Jake Dotchin Mark Alt 40 1 2 2
Penalty Kill 4 Players Forward
Center Wing Time % Phy DF OF
1 Tyler Randell Michael Bournival 60 1 2 2
2 Calle Jarnkrok Tyler Brenner 40 1 2 2
Penalty Kill 4 Players Defense
Defense Defense Time % Phy DF OF
1 Victor Bartley Reid McNeill 60 1 2 2
2 Jake Dotchin Mark Alt 40 1 2 2
Penalty Kill - 3 Players Forward
Forward Time % Phy DF OF
1 Tyler Randell 60 1 2 2
2 Michael Bournival 40 1 2 2
Penalty Kill - 3 Players Defense
Defense Defense Time % Phy DF OF
1 Victor Bartley Reid McNeill 60 1 2 2
2 Jake Dotchin Mark Alt 40 1 2 2
4 vs 4 Forward
Center Wing Time % Phy DF OF
1 Tyler Randell Michael Bournival 60 1 2 2
2 Calle Jarnkrok Tyler Brenner 40 1 2 2
4 vs 4 Defense
Defense Defense Time % Phy DF OF
1 Victor Bartley Reid McNeill 60 1 2 2
2 Jake Dotchin Mark Alt 40 1 2 2
Last Minutes Offensive
Center Left Wing Right Wing Defense Defense
Calle Jarnkrok Michael Bournival Tyler Randell Victor Bartley Reid McNeill
Last Minutes Defensive
Center Left Wing Right Wing Defense Defense
Calle Jarnkrok Michael Bournival Tyler Randell Victor Bartley Reid McNeill
Goaltenders
Starting : Ilya Sorokin
Backup : Anton Forsberg
Extra Forwards
Normal : David Kampf, Lucas Wallmarkk, Nick Sorensen - PP : David Kampf, Lucas Wallmarkk - PK : Nick Sorensen
Extra Defensemen
Normal : Devon Teows, Ivan Provorov, Brenden Kichton - PP : Devon Teows - PK : Ivan Provorov, Brenden Kichton
Penalty Shots
Tyler Randell, Michael Bournival, Calle Jarnkrok, Tyler Brenner, Tomas Kubalik
Scratches
A.J. Greer (Healthy), JC Lipon (Healthy), Cooper Marody (Healthy), Erik Nystrom (Right Foot Injury), Justin Kirkland (Healthy)
Anthony Angello (Healthy), Jason Kasdorf (Healthy), Scott Wedgewood (Healthy), Zachary Fucale (Healthy)
% Time on Ice - Mulligans
Lines # - Real PCT - Wanted PCT - Time Play
Normal Forward
1 - 34% - 40% - 14:50
2 - 24% - 30% - 10:28
3 - 20% - 20% - 8:53
4 - 23% - 10% - 9:57
Normal Defense
1 - 33% - 40% - 14:37
2 - 33% - 30% - 14:37
3 - 29% - 20% - 12:53
4 - 5% - 10% - 2:01
PP Forward
1 - 49% - 60% - 3:55
2 - 51% - 40% - 4:01
PP Defense
1 - 54% - 60% - 4:19
2 - 46% - 40% - 3:37
PK Forward
1 - 83% - 60% - 6:33
2 - 17% - 40% - 1:23
PK Defense
1 - 66% - 60% - 5:13
2 - 34% - 40% - 2:43
PK3 Forward
1 - 0% - 60%
2 - 0% - 40%
PK3 Defense
1 - 0% - 60%
2 - 0% - 40%
44 Forward
1 - 90% - 60% - 4:29
2 - 10% - 40% - 0:31
44 Defense
1 - 68% - 60% - 3:24
2 - 32% - 40% - 1:36
Last Minute Offensive - 0:00
Last Minute Defensive - 0:00
Total
Forward - 65:00
Defense - 65:00
|
% Time on Ice - Harfangs
Lines # - Real PCT - Wanted PCT - Time Play
Normal Forward
1 - 35% - 40% - 15:29
2 - 29% - 30% - 12:39
3 - 22% - 20% - 9:33
4 - 15% - 10% - 6:27
Normal Defense
1 - 34% - 40% - 15:13
2 - 29% - 30% - 12:47
3 - 24% - 20% - 10:41
4 - 12% - 10% - 5:27
PP Forward
1 - 50% - 60% - 4:00
2 - 50% - 40% - 3:56
PP Defense
1 - 54% - 60% - 4:18
2 - 46% - 40% - 3:38
PK Forward
1 - 68% - 60% - 5:25
2 - 32% - 40% - 2:31
PK Defense
1 - 58% - 60% - 4:38
2 - 42% - 40% - 3:18
PK3 Forward
1 - 0% - 60%
2 - 0% - 40%
PK3 Defense
1 - 0% - 60%
2 - 0% - 40%
44 Forward
1 - 76% - 60% - 3:47
2 - 24% - 40% - 1:13
44 Defense
1 - 61% - 60% - 3:04
2 - 39% - 40% - 1:56
Last Minute Offensive - 0:00
Last Minute Defensive - 0:00
Total
Forward - 65:00
Defense - 65:00
|
Play-by-Play
1st period
0:01 of 1st period - Calle Jarnkrok wins face-off versus Anton Lander in neutral zone.
0:26 of 1st period - Brandon McMillan is hit by Brandon Carlo and loses puck.
0:51 of 1st period - Victor Bartley is hit by Joonas Donskoi.
0:55 of 1st period - Ryan Hartman is hit by Robby Fabbri and loses puck.
1:13 of 1st period - Wrist shot by Logan Shaw.
1:13 of 1st period - Shot Blocked by Sven Andrighetto.
2:03 of 1st period - Slapshot by Valeri Nichushkin.
2:03 of 1st period - Stopped by Ilya Sorokin with a rebound.
2:24 of 1st period - Snap shot by Reid Boucher.
2:24 of 1st period - Shot Blocked by Ivan Provorov.
2:44 of 1st period - Wrist shot by Anton Lander.
2:44 of 1st period - Goal by Anton Lander - Mulligans : 1 - Harfangs : 0.
2:45 of 1st period - Calle Jarnkrok wins face-off versus Anton Lander in neutral zone.
2:50 of 1st period - Snap shot by Calle Jarnkrok.
2:50 of 1st period - Deflect By Tyler Randell.
2:50 of 1st period - Stopped by Calvin Pickard with a rebound.
2:52 of 1st period - Slapshot by Blake Heinrich.
2:52 of 1st period - Stopped by Calvin Pickard without a rebound.
2:53 of 1st period - Anton Lander wins face-off versus Calle Jarnkrok in Mulligans zone.
3:04 of 1st period - Anton Lander is hit by Rinat Valiev and loses puck.
3:19 of 1st period - Slapshot by Michael Bournival.
3:19 of 1st period - Shot Misses the Net.
3:21 of 1st period - Wrist shot by Calle Jarnkrok.
3:21 of 1st period - Stopped by Calvin Pickard with a rebound.
3:25 of 1st period - Snap shot by Michael Bournival.
3:25 of 1st period - Stopped by Calvin Pickard without a rebound.
3:26 of 1st period - Tyler Brenner wins face-off versus Maxime Macenauer in Mulligans zone.
3:51 of 1st period - Icing by Mark Alt.
3:52 of 1st period - Tomas Kubalik wins face-off versus Robby Fabbri in Harfangs zone.
3:56 of 1st period - Icing by Tyler Brenner.
3:57 of 1st period - Calle Jarnkrok wins face-off versus Robby Fabbri in Harfangs zone.
4:14 of 1st period - Wrist shot by Robby Fabbri.
4:14 of 1st period - Stopped by Ilya Sorokin with a rebound.
4:16 of 1st period - Slapshot by Robbie Russo.
4:16 of 1st period - Stopped by Ilya Sorokin without a rebound.
4:17 of 1st period - Tyler Brenner wins face-off versus Maxime Macenauer in Harfangs zone.
4:29 of 1st period - Off-side.
4:30 of 1st period - Cristoval Nieves wins face-off versus Anton Lander in neutral zone.
4:51 of 1st period - Reid McNeill is hit by Sven Baertschi and loses puck.
5:21 of 1st period - Snap shot by Sven Baertschi.
5:21 of 1st period - Shot Misses the Net.
5:23 of 1st period - Snap shot by Anton Lander.
5:23 of 1st period - Stopped by Ilya Sorokin with a rebound.
5:25 of 1st period - Wrist shot by Sven Baertschi.
5:25 of 1st period - Goal by Sven Baertschi - Mulligans : 2 - Harfangs : 0.
5:26 of 1st period - Maxime Macenauer wins face-off versus Calle Jarnkrok in neutral zone.
5:31 of 1st period - Snap shot by Sam Bennett.
5:31 of 1st period - Deflect By Maxime Macenauer.
5:31 of 1st period - Stopped by Ilya Sorokin with a rebound.
5:33 of 1st period - Slapshot by Dalton Thrower.
5:33 of 1st period - Stopped by Ilya Sorokin with a rebound.
6:16 of 1st period - Off-side.
6:17 of 1st period - Tyler Brenner wins face-off versus Jonny Brodzinski in neutral zone.
7:27 of 1st period - Snap shot by Sven Baertschi.
7:27 of 1st period - Stopped by Ilya Sorokin with a rebound.
7:29 of 1st period - Snap shot by Darren Dietz.
7:29 of 1st period - Stopped by Ilya Sorokin without a rebound.
7:30 of 1st period - Logan Shaw wins face-off versus Michael Bournival in Harfangs zone.
8:35 of 1st period - Wrist shot by Logan Shaw.
8:35 of 1st period - Stopped by Ilya Sorokin with a rebound.
8:37 of 1st period - Wrist shot by Sven Baertschi.
8:37 of 1st period - Stopped by Ilya Sorokin with a rebound.
8:49 of 1st period - Snap shot by Anton Lander.
8:49 of 1st period - Shot Misses the Net.
8:59 of 1st period - Snap shot by Anton Lander.
8:59 of 1st period - Goal by Anton Lander - Mulligans : 3 - Harfangs : 0.
9:00 of 1st period - Tyler Brenner wins face-off versus Maxime Macenauer in neutral zone.
9:03 of 1st period - Slapshot by Brandon McMillan.
9:03 of 1st period - Stopped by Calvin Pickard without a rebound.
9:04 of 1st period - Maxime Macenauer wins face-off versus Tyler Brenner in Mulligans zone.
10:28 of 1st period - Snap shot by Sam Bennett.
10:28 of 1st period - Stopped by Ilya Sorokin with a rebound.
10:30 of 1st period - Slapshot by Valeri Nichushkin.
10:30 of 1st period - Deflect By Maxime Macenauer.
10:30 of 1st period - Shot Misses the Net.
10:30 of 1st period - Puck is out of play.
10:31 of 1st period - Maxime Macenauer wins face-off versus Tyler Brenner in Harfangs zone.
10:36 of 1st period - Wrist shot by Maxime Macenauer.
10:36 of 1st period - Deflect By Sam Bennett.
10:36 of 1st period - Shot Blocked by Tyler Brenner.
10:36 of 1st period - Puck is out of play.
10:37 of 1st period - Tyler Brenner wins face-off versus Maxime Macenauer in Harfangs zone.
11:24 of 1st period - Snap shot by Maxime Macenauer.
11:24 of 1st period - Stopped by Ilya Sorokin without a rebound.
11:25 of 1st period - Tyler Brenner wins face-off versus Anton Lander in Harfangs zone.
11:51 of 1st period - Reid Boucher is hit by Victor Bartley and loses puck.
12:12 of 1st period - Icing by Ryan Hartman.
12:13 of 1st period - Calle Jarnkrok wins face-off versus Jonny Brodzinski in Harfangs zone.
12:23 of 1st period - Icing by Brett Seney.
12:24 of 1st period - Jonny Brodzinski wins face-off versus Tyler Brenner in Mulligans zone.
13:01 of 1st period - Tyler Brenner is hit by Darren Dietz and loses puck.
13:14 of 1st period - Wrist shot by Darren Dietz.
13:14 of 1st period - Shot Blocked by Reid McNeill.
13:16 of 1st period - Slapshot by Brett Seney.
13:16 of 1st period - Stopped by Ilya Sorokin with a rebound.
13:24 of 1st period - Backhand shot by Tomas Kubalik.
13:24 of 1st period - Shot Misses the Net.
13:30 of 1st period - Victor Bartley is hit by Conor Garland and loses puck.
14:13 of 1st period - Wrist shot by Brett Seney.
14:13 of 1st period - Shot Misses the Net.
14:15 of 1st period - Snap shot by Brett Seney.
14:15 of 1st period - Deflect By Conor Garland.
14:15 of 1st period - Goal by Conor Garland - Mulligans : 4 - Harfangs : 0.
14:15 of 1st period - Anton Forsberg enters game.
14:16 of 1st period - Sven Baertschi wins face-off versus Calle Jarnkrok in neutral zone.
14:31 of 1st period - Snap shot by Logan Shaw.
14:31 of 1st period - Shot Misses the Net.
15:39 of 1st period - Snap shot by Morgan Klimchuk.
15:39 of 1st period - Shot Blocked by Ben Hutton.
15:45 of 1st period - Ivan Provorov is hit by Christian Wolanin and loses puck.
15:58 of 1st period - Backhand shot by Sven Andrighetto.
15:58 of 1st period - Stopped by Calvin Pickard without a rebound.
15:59 of 1st period - Cristoval Nieves wins face-off versus Robby Fabbri in Mulligans zone.
16:08 of 1st period - Wrist shot by Sven Andrighetto.
16:08 of 1st period - Stopped by Calvin Pickard without a rebound.
16:09 of 1st period - Anton Lander wins face-off versus Calle Jarnkrok in Mulligans zone.
16:09 of 1st period - Anton Lander is hit by Calle Jarnkrok.
16:31 of 1st period - Minor Penalty to Calle Jarnkrok for Hooking.
16:32 of 1st period - Tyler Randell wins face-off versus Anton Lander in Harfangs zone.
16:32 of 1st period - Tyler Randell is hit by Sven Baertschi.
16:38 of 1st period - Logan Shaw is hit by Tyler Randell and loses puck.
17:18 of 1st period - Reid McNeill is hit by Logan Shaw and loses puck.
18:31 of 1st period - Penalty to Calle Jarnkrok is over, Calle Jarnkrok is back on ice.
18:35 of 1st period - Reid McNeill is hit by Jonny Brodzinski.
18:49 of 1st period - Tyler Randell is hit by Conor Garland and loses puck.
19:10 of 1st period - Snap shot by Cristoval Nieves.
19:10 of 1st period - Stopped by Calvin Pickard with a rebound.
19:28 of 1st period - Backhand shot by Ryan Hartman.
19:28 of 1st period - Shot Blocked by Ilya Lyubushkin.
19:55 of 1st period - Brandon McMillan is hit by Jonny Brodzinski and loses puck.
Goals for this period are 4 for Mulligans vs 0 for Harfangs.
Shots for this period are 17 for Mulligans vs 8 for Harfangs.
2nd period
0:01 of 2nd period - Anton Lander wins face-off versus Calle Jarnkrok in neutral zone.
0:04 of 2nd period - Slapshot by Sven Baertschi.
0:04 of 2nd period - Shot Blocked by Jake Dotchin.
0:42 of 2nd period - Minor Penalty to Tyler Brenner for Hooking.
0:43 of 2nd period - Tyler Randell wins face-off versus Maxime Macenauer in Harfangs zone.
2:42 of 2nd period - Penalty to Tyler Brenner is over, Tyler Brenner is back on ice.
2:55 of 2nd period - Ben Hutton is hit by Tomas Kubalik and loses puck.
3:04 of 2nd period - Slapshot by Tomas Kubalik.
3:04 of 2nd period - Shot Blocked by Ben Hutton.
4:22 of 2nd period - Wrist shot by Joonas Donskoi.
4:22 of 2nd period - Shot Blocked by Reid McNeill.
4:34 of 2nd period - Reid McNeill is hit by Sven Baertschi and loses puck.
4:47 of 2nd period - Wrist shot by Tomas Kubalik.
4:47 of 2nd period - Stopped by Calvin Pickard with a rebound.
5:20 of 2nd period - Icing by Anton Lander.
5:21 of 2nd period - Nick Shore wins face-off versus Anton Lander in Mulligans zone.
6:34 of 2nd period - Dalton Thrower is hit by Tyler Brenner and loses puck.
6:53 of 2nd period - Wrist shot by Michael Bournival.
6:53 of 2nd period - Shot Blocked by Conor Garland.
6:55 of 2nd period - Backhand shot by Tyler Randell.
6:55 of 2nd period - Stopped by Calvin Pickard with a rebound.
7:12 of 2nd period - Minor Penalty to Brendan Leipsic for Roughing.
7:13 of 2nd period - Tyler Randell wins face-off versus Anton Lander in Harfangs zone.
8:30 of 2nd period - Logan Shaw is hit by Morgan Klimchuk.
8:36 of 2nd period - Ilya Lyubushkin is hit by Mark Alt and loses puck.
9:12 of 2nd period - Penalty to Brendan Leipsic is over, Brendan Leipsic is back on ice.
9:19 of 2nd period - Morgan Klimchuk is hit by Ilya Lyubushkin.
9:23 of 2nd period - Slapshot by Victor Bartley.
9:23 of 2nd period - Stopped by Calvin Pickard with a rebound.
9:31 of 2nd period - Wrist shot by Brett Seney.
9:31 of 2nd period - Stopped by Anton Forsberg with a rebound.
9:33 of 2nd period - Wrist shot by Ilya Lyubushkin.
9:33 of 2nd period - Stopped by Anton Forsberg without a rebound.
9:34 of 2nd period - Jonny Brodzinski wins face-off versus Tyler Brenner in Harfangs zone.
10:20 of 2nd period - Jake Dotchin is hit by Robby Fabbri and loses puck.
10:35 of 2nd period - Slapshot by Darren Dietz.
10:35 of 2nd period - Stopped by Anton Forsberg with a rebound.
10:49 of 2nd period - Brandon Carlo is hit by Tyler Brenner and loses puck.
10:54 of 2nd period - Slapshot by Tomas Kubalik.
10:54 of 2nd period - Goal by Tomas Kubalik - Mulligans : 4 - Harfangs : 1.
10:55 of 2nd period - Anton Lander wins face-off versus Calle Jarnkrok in neutral zone.
11:10 of 2nd period - Wrist shot by Logan Shaw.
11:10 of 2nd period - Deflect By Anton Lander.
11:10 of 2nd period - Stopped by Anton Forsberg with a rebound.
11:29 of 2nd period - Snap shot by Valeri Nichushkin.
11:29 of 2nd period - Stopped by Anton Forsberg with a rebound.
11:46 of 2nd period - Snap shot by Tomas Kubalik.
11:46 of 2nd period - Deflect By Brandon McMillan.
11:46 of 2nd period - Shot Misses the Net.
11:46 of 2nd period - Puck is out of play.
11:47 of 2nd period - Anton Lander wins face-off versus Michael Bournival in Mulligans zone.
11:47 of 2nd period - Anton Lander is hit by Calle Jarnkrok.
11:53 of 2nd period - Snap shot by Michael Bournival.
11:53 of 2nd period - Deflect By Calle Jarnkrok.
11:53 of 2nd period - Stopped by Calvin Pickard without a rebound.
11:54 of 2nd period - Calle Jarnkrok wins face-off versus Anton Lander in Mulligans zone.
11:57 of 2nd period - Wrist shot by Michael Bournival.
11:57 of 2nd period - Shot Blocked by Anton Lander.
12:03 of 2nd period - Wrist shot by Calle Jarnkrok.
12:03 of 2nd period - Shot Misses the Net.
12:05 of 2nd period - Wrist shot by Michael Bournival.
12:05 of 2nd period - Goal by Michael Bournival - Mulligans : 4 - Harfangs : 2.
12:06 of 2nd period - Calle Jarnkrok wins face-off versus Anton Lander in neutral zone.
12:17 of 2nd period - Snap shot by Calle Jarnkrok.
12:17 of 2nd period - Deflect By Anton Lander.
12:17 of 2nd period - Stopped by Calvin Pickard with a rebound.
12:19 of 2nd period - Snap shot by Calle Jarnkrok.
12:19 of 2nd period - Shot Blocked by Ben Hutton.
12:21 of 2nd period - Wrist shot by Calle Jarnkrok.
12:21 of 2nd period - Goal by Calle Jarnkrok - Mulligans : 4 - Harfangs : 3.
12:22 of 2nd period - Anton Lander wins face-off versus Calle Jarnkrok in neutral zone.
12:27 of 2nd period - Slapshot by Calle Jarnkrok.
12:27 of 2nd period - Stopped by Calvin Pickard with a rebound.
12:29 of 2nd period - Minor Penalty to Logan Shaw for Roughing.
12:30 of 2nd period - Tyler Randell wins face-off versus Reid Boucher in Mulligans zone.
12:33 of 2nd period - Snap shot by Calle Jarnkrok.
12:33 of 2nd period - Shot Misses the Net.
13:05 of 2nd period - Snap shot by Brandon McMillan.
13:05 of 2nd period - Stopped by Calvin Pickard without a rebound.
13:06 of 2nd period - Tyler Brenner wins face-off versus Anton Lander in Mulligans zone.
13:15 of 2nd period - Slapshot by Tomas Kubalik.
13:15 of 2nd period - Stopped by Calvin Pickard without a rebound.
13:16 of 2nd period - Anton Lander wins face-off versus Tyler Brenner in Mulligans zone.
13:55 of 2nd period - Snap shot by Tomas Kubalik.
13:55 of 2nd period - Shot Blocked by Maxime Macenauer.
13:59 of 2nd period - Wrist shot by Tyler Brenner.
13:59 of 2nd period - Shot Misses the Net.
14:01 of 2nd period - Wrist shot by Tomas Kubalik.
14:01 of 2nd period - Stopped by Calvin Pickard with a rebound.
14:03 of 2nd period - Slapshot by Jake Dotchin.
14:03 of 2nd period - Stopped by Calvin Pickard with a rebound.
14:05 of 2nd period - Snap shot by Tyler Brenner.
14:05 of 2nd period - Stopped by Calvin Pickard without a rebound.
14:06 of 2nd period - Calle Jarnkrok wins face-off versus Anton Lander in Mulligans zone.
14:29 of 2nd period - Penalty to Logan Shaw is over, Logan Shaw is back on ice.
15:25 of 2nd period - Wrist shot by Nick Shore.
15:25 of 2nd period - Stopped by Calvin Pickard without a rebound.
15:26 of 2nd period - Calle Jarnkrok wins face-off versus Anton Lander in Mulligans zone.
15:31 of 2nd period - Wrist shot by Calle Jarnkrok.
15:31 of 2nd period - Goal by Calle Jarnkrok - Mulligans : 4 - Harfangs : 4.
15:32 of 2nd period - Anton Lander wins face-off versus Calle Jarnkrok in neutral zone.
15:34 of 2nd period - Minor Penalty to Logan Shaw for Holding.
15:35 of 2nd period - Calle Jarnkrok wins face-off versus Reid Boucher in Mulligans zone.
16:06 of 2nd period - Wrist shot by Tomas Kubalik.
16:06 of 2nd period - Shot Misses the Net.
16:32 of 2nd period - Snap shot by Anton Lander.
16:32 of 2nd period - Deflect By Sven Baertschi.
16:32 of 2nd period - Shot Blocked by Victor Bartley.
16:32 of 2nd period - Puck is out of play.
16:33 of 2nd period - Maxime Macenauer wins face-off versus Tomas Kubalik in Harfangs zone.
16:36 of 2nd period - Slapshot by Maxime Macenauer.
16:36 of 2nd period - Shot Misses the Net.
16:38 of 2nd period - Snap shot by Maxime Macenauer.
16:38 of 2nd period - Shot Misses the Net.
16:40 of 2nd period - Slapshot by Ben Hutton.
16:40 of 2nd period - Shot Blocked by Jake Dotchin.
16:42 of 2nd period - Slapshot by Brandon Carlo.
16:42 of 2nd period - Stopped by Anton Forsberg without a rebound.
16:43 of 2nd period - Anton Lander wins face-off versus Calle Jarnkrok in Harfangs zone.
17:34 of 2nd period - Penalty to Logan Shaw is over, Logan Shaw is back on ice.
18:31 of 2nd period - Wrist shot by Tyler Randell.
18:31 of 2nd period - Shot Misses the Net.
19:05 of 2nd period - Snap shot by Conor Garland.
19:05 of 2nd period - Stopped by Anton Forsberg with a rebound.
19:07 of 2nd period - Snap shot by Conor Garland.
19:07 of 2nd period - Stopped by Anton Forsberg with a rebound.
19:09 of 2nd period - Slapshot by Ilya Lyubushkin.
19:09 of 2nd period - Stopped by Anton Forsberg with a rebound.
19:11 of 2nd period - Slapshot by Robbie Russo.
19:11 of 2nd period - Stopped by Anton Forsberg without a rebound.
19:12 of 2nd period - Maxime Macenauer wins face-off versus Calle Jarnkrok in Harfangs zone.
19:23 of 2nd period - Wrist shot by Maxime Macenauer.
19:23 of 2nd period - Shot Misses the Net.
19:25 of 2nd period - Snap shot by Valeri Nichushkin.
19:25 of 2nd period - Shot Misses the Net.
19:27 of 2nd period - Wrist shot by Sam Bennett.
19:27 of 2nd period - Shot Misses the Net.
Goals for this period are 0 for Mulligans vs 4 for Harfangs.
Shots for this period are 10 for Mulligans vs 16 for Harfangs.
3rd period
0:01 of 3rd period - Calle Jarnkrok wins face-off versus Anton Lander in neutral zone.
0:26 of 3rd period - Michael Bournival is hit by Brandon Carlo and loses puck.
0:31 of 3rd period - Snap shot by Joonas Donskoi.
0:31 of 3rd period - Stopped by Anton Forsberg with a rebound.
0:33 of 3rd period - Slapshot by Darren Dietz.
0:33 of 3rd period - Deflect By Joonas Donskoi.
0:33 of 3rd period - Stopped by Anton Forsberg with a rebound.
0:35 of 3rd period - Slapshot by Dalton Thrower.
0:35 of 3rd period - Stopped by Anton Forsberg without a rebound.
0:36 of 3rd period - Sven Baertschi wins face-off versus Tyler Brenner in Harfangs zone.
0:41 of 3rd period - Snap shot by Anton Lander.
0:41 of 3rd period - Stopped by Anton Forsberg with a rebound.
1:01 of 3rd period - Darren Dietz is hit by Jake Dotchin and loses puck.
1:20 of 3rd period - Snap shot by Joonas Donskoi.
1:20 of 3rd period - Stopped by Anton Forsberg with a rebound.
1:53 of 3rd period - Icing by Mark Alt.
1:54 of 3rd period - Jonny Brodzinski wins face-off versus Tyler Brenner in Harfangs zone.
2:44 of 3rd period - Wrist shot by Calle Jarnkrok.
2:44 of 3rd period - Shot Blocked by Dalton Thrower.
2:46 of 3rd period - Slapshot by Mark Alt.
2:46 of 3rd period - Shot Misses the Net.
2:48 of 3rd period - Snap shot by Calle Jarnkrok.
2:48 of 3rd period - Stopped by Calvin Pickard without a rebound.
2:49 of 3rd period - Anton Lander wins face-off versus Calle Jarnkrok in Mulligans zone.
2:49 of 3rd period - Anton Lander is hit by Michael Bournival.
2:55 of 3rd period - Reid McNeill is hit by Anton Lander and loses puck.
3:00 of 3rd period - Snap shot by Logan Shaw.
3:00 of 3rd period - Stopped by Anton Forsberg with a rebound.
3:02 of 3rd period - Snap shot by Sven Baertschi.
3:02 of 3rd period - Stopped by Anton Forsberg without a rebound.
3:03 of 3rd period - Calle Jarnkrok wins face-off versus Anton Lander in Harfangs zone.
4:06 of 3rd period - Nick Shore is hit by Joonas Donskoi and loses puck.
4:25 of 3rd period - Wrist shot by Ryan Hartman.
4:25 of 3rd period - Shot Blocked by Dalton Thrower.
4:27 of 3rd period - Wrist shot by Nick Shore.
4:27 of 3rd period - Shot Blocked by Darren Dietz.
4:29 of 3rd period - Snap shot by Ryan Hartman.
4:29 of 3rd period - Goal by Ryan Hartman - Mulligans : 4 - Harfangs : 5.
4:30 of 3rd period - Calle Jarnkrok wins face-off versus Anton Lander in neutral zone.
5:04 of 3rd period - Slapshot by Jake Dotchin.
5:04 of 3rd period - Stopped by Calvin Pickard without a rebound.
5:05 of 3rd period - Anton Lander wins face-off versus Tyler Brenner in Mulligans zone.
5:10 of 3rd period - Snap shot by Anton Lander.
5:10 of 3rd period - Deflect By Tyler Brenner.
5:10 of 3rd period - Stopped by Anton Forsberg without a rebound.
5:11 of 3rd period - Anton Lander wins face-off versus Tomas Kubalik in Harfangs zone.
5:22 of 3rd period - Slapshot by Tomas Kubalik.
5:22 of 3rd period - Goal by Tomas Kubalik - Mulligans : 4 - Harfangs : 6.
5:22 of 3rd period - Juuse Saros enters game.
5:23 of 3rd period - Anton Lander wins face-off versus Calle Jarnkrok in neutral zone.
5:30 of 3rd period - Snap shot by Sven Baertschi.
5:30 of 3rd period - Goal by Sven Baertschi - Mulligans : 5 - Harfangs : 6.
5:31 of 3rd period - Calle Jarnkrok wins face-off versus Anton Lander in neutral zone.
5:36 of 3rd period - Wrist shot by Calle Jarnkrok.
5:36 of 3rd period - Stopped by Juuse Saros without a rebound.
5:37 of 3rd period - Calle Jarnkrok wins face-off versus Anton Lander in Mulligans zone.
6:08 of 3rd period - Brandon Carlo is hit by Reid McNeill and loses puck.
7:02 of 3rd period - Tyler Randell is hit by Darren Dietz and loses puck.
7:49 of 3rd period - Minor Penalty to Sam Bennett for High sticking.
7:50 of 3rd period - Calle Jarnkrok wins face-off versus Anton Lander in Mulligans zone.
8:00 of 3rd period - Off-side.
8:01 of 3rd period - Calle Jarnkrok wins face-off versus Anton Lander in neutral zone.
8:12 of 3rd period - Slapshot by Victor Bartley.
8:12 of 3rd period - Stopped by Juuse Saros with a rebound.
8:14 of 3rd period - Slapshot by Victor Bartley.
8:14 of 3rd period - Stopped by Juuse Saros with a rebound.
8:16 of 3rd period - Snap shot by Michael Bournival.
8:16 of 3rd period - Shot Misses the Net.
8:34 of 3rd period - Brandon Carlo is hit by Tyler Brenner.
9:44 of 3rd period - Darren Dietz is hit by Reid McNeill and loses puck.
9:49 of 3rd period - Penalty to Sam Bennett is over, Sam Bennett is back on ice.
10:58 of 3rd period - Icing by Ilya Lyubushkin.
10:59 of 3rd period - Reid Boucher wins face-off versus Calle Jarnkrok in Mulligans zone.
11:47 of 3rd period - Ryan Hartman is hit by Brett Seney and loses puck.
12:07 of 3rd period - Icing by Ivan Provorov.
12:08 of 3rd period - Robby Fabbri wins face-off versus Cristoval Nieves in Harfangs zone.
12:43 of 3rd period - Snap shot by Joonas Donskoi.
12:43 of 3rd period - Goal by Joonas Donskoi - Mulligans : 6 - Harfangs : 6.
12:44 of 3rd period - Anton Lander wins face-off versus Calle Jarnkrok in neutral zone.
12:56 of 3rd period - Minor Penalty to Sven Baertschi for Tripping.
12:57 of 3rd period - Anton Lander wins face-off versus Calle Jarnkrok in Mulligans zone.
12:57 of 3rd period - Anton Lander is hit by Victor Bartley.
13:05 of 3rd period - Wrist shot by Logan Shaw.
13:05 of 3rd period - Shot Misses the Net.
13:42 of 3rd period - Snap shot by Michael Bournival.
13:42 of 3rd period - Shot Blocked by Darren Dietz.
13:44 of 3rd period - Slapshot by Tyler Randell.
13:44 of 3rd period - Stopped by Juuse Saros without a rebound.
13:45 of 3rd period - Tyler Brenner wins face-off versus Anton Lander in Mulligans zone.
14:56 of 3rd period - Penalty to Sven Baertschi is over, Sven Baertschi is back on ice.
16:08 of 3rd period - Robbie Russo is hit by Mark Alt and loses puck.
16:32 of 3rd period - Minor Penalty to Ryan Hartman for Tripping.
16:33 of 3rd period - Maxime Macenauer wins face-off versus Tyler Randell in Harfangs zone.
18:16 of 3rd period - Valeri Nichushkin is hit by Reid McNeill and loses puck.
18:32 of 3rd period - Penalty to Ryan Hartman is over, Ryan Hartman is back on ice.
18:51 of 3rd period - Wrist shot by Morgan Klimchuk.
18:51 of 3rd period - Stopped by Juuse Saros with a rebound.
18:53 of 3rd period - Snap shot by Morgan Klimchuk.
18:53 of 3rd period - Stopped by Juuse Saros with a rebound.
18:55 of 3rd period - Slapshot by Blake Heinrich.
18:55 of 3rd period - Shot Blocked by Christian Wolanin.
18:57 of 3rd period - Slapshot by Rinat Valiev.
18:57 of 3rd period - Stopped by Juuse Saros with a rebound.
19:41 of 3rd period - Sven Andrighetto is hit by Brett Seney.
Goals for this period are 2 for Mulligans vs 2 for Harfangs.
Shots for this period are 10 for Mulligans vs 11 for Harfangs.
Overtime #1
0:01 of 1st overtime period - Anton Lander wins face-off versus Tyler Randell in neutral zone.
0:42 of 1st overtime period - Slapshot by Robby Fabbri.
0:42 of 1st overtime period - Stopped by Anton Forsberg with a rebound.
0:48 of 1st overtime period - Slapshot by Ben Hutton.
0:48 of 1st overtime period - Stopped by Anton Forsberg with a rebound.
2:15 of 1st overtime period - Jake Dotchin is hit by Reid Boucher and loses puck.
4:37 of 1st overtime period - Nick Sorensen is hit by Maxime Macenauer and loses puck.
Goals for this period are 0 for Mulligans vs 0 for Harfangs.
Shots for this period are 2 for Mulligans vs 0 for Harfangs.
ShootOut
5:00 of 1st overtime period - Round #1.
5:00 of 1st overtime period - Mulligans, Anton Lander.
5:00 of 1st overtime period - Deke by Anton Lander.
5:00 of 1st overtime period - Stopped by Anton Forsberg.
5:00 of 1st overtime period - Harfangs, Tyler Randell.
5:00 of 1st overtime period - Wrist shot by Tyler Randell.
5:00 of 1st overtime period - Stopped by Juuse Saros.
5:00 of 1st overtime period - Round #2.
5:00 of 1st overtime period - Mulligans, Logan Shaw.
5:00 of 1st overtime period - Deke by Logan Shaw.
5:00 of 1st overtime period - Shot Misses the Net.
5:00 of 1st overtime period - Harfangs, Michael Bournival.
5:00 of 1st overtime period - Wrist shot by Michael Bournival.
5:00 of 1st overtime period - Stopped by Juuse Saros.
5:00 of 1st overtime period - Round #3.
5:00 of 1st overtime period - Mulligans, Maxime Macenauer.
5:00 of 1st overtime period - Snap shot by Maxime Macenauer.
5:00 of 1st overtime period - Shot Misses the Net.
5:00 of 1st overtime period - Harfangs, Calle Jarnkrok.
5:00 of 1st overtime period - Snap shot by Calle Jarnkrok.
5:00 of 1st overtime period - Goal by Calle Jarnkrok.